 Dungeon Crawl Stone Soup version 0.28-a0-1567-g1695149f81 (webtiles) character file.

Game seed: 3893591876351946442

618 comborobin the Skirmisher (level 7, -2/50 HPs)
             Began as an Octopode Cinder Acolyte on Jan 20, 2022.
             Was an Elder of Ignis.
             Slain by a wyvern zombie (12 damage)
             ... on level 6 of the Dungeon.
             The game lasted 00:02:34 (2876 turns).

comborobin the Skirmisher (Octopode Cinder Acolyte) Turns: 2876, Time: 00:02:34

Health: -2/50      AC:  1    Str: 14    XL:     7   Next: 45%
Magic:  8/8        EV: 13    Int: 16    God:    Ignis [****..]
Gold:   49         SH:  4    Dex:  9    Spells: 8/8 levels left

rFire   + . .      SeeInvis .     - Unarmed
rCold   . . .      Faith    .   f - +0 buckler
rNeg    . . .      Spirit   .   (helmet restricted)
rPois   .          Reflect  .   (no amulet)
rElec   .          Harm     .   (no ring)
rCorr   .          Rampage  .   (no ring)
Will    .....                   (no ring)
Stlth   ++........              (no ring)
HPRegen 0.16/turn               (no ring)
MPRegen 0.11/turn               (no ring)
                                (no ring)
                                (no ring)

@: no status effects
A: almost no armour, amphibious, 8 rings, camouflage 1, gelatinous body 1,
(nimble swimmer 1), tentacles
a: Renounce Religion, Fiery Armour, Foxfire Swarm, Rising Flame


You were on level 6 of the Dungeon.
You worshipped Ignis.
Ignis was greatly pleased with you.
You visited 1 branch of the dungeon, and saw 7 of its levels.

You collected 49 gold pieces.

Inventory:

Missiles
 g - a throwing net (quivered)
 i - 2 poisoned darts
Armour
 f - a +0 buckler (worn)
Scrolls
 b - a scroll of enchant weapon {unknown}
 d - a scroll of identify
 e - 2 scrolls of enchant armour {unknown}
Potions
 a - a potion of degeneration {unknown}
 c - a potion of magic {unknown}
 h - a potion of flight {unknown}
 j - a potion of curing {unknown}


   Skills:
 - Level 5.1 Fighting
 - Level 3.8 Dodging
 + Level 2.9 Shields
 - Level 5.0 Unarmed Combat
 - Level 1.0 Spellcasting
 - Level 3.0 Fire Magic


You had 8 spell levels left.
You didn't know any spells.
Your spell library contained the following spells:

 Spells                   Type           Power      Damage    Failure   Level
 Scorch                   Fire           20%        2d6       13%         2
 Leda's Liquefaction      Hex/Erth       0%         N/A       96%         4
 Lee's Rapid Deconstruct  Erth           0%         3d5*      100%        5
 Statue Form              Tmut/Erth      0%         N/A       100%        6


Dungeon Overview and Level Annotations

Branches:
Dungeon (7/15)
 Temple: D:4-7

Altars:
Ashenzari
Trog
Uskayaw


Innate Abilities, Weirdness & Mutations

You cannot wear most types of armour.
You are amphibious.
You can wear up to eight rings at the same time.
Your skin changes colour to match your surroundings (Stealth+).
Your rubbery body absorbs attacks. (AC +1, EV +1)
((You are camouflaged when in or above water. (Stealth+)))
You have tentacles for arms and can constrict up to eight enemies at once.


Message History

The wyvern zombie bites you but does no damage.
The wyvern zombie is burned by your cloak of flames.
The wyvern zombie is moderately damaged.
You tentacle-slap the wyvern zombie. You squeeze the wyvern zombie!
The wyvern zombie is severely damaged.
The wyvern zombie closely misses you. The wyvern zombie barely misses you.
You tentacle-slap the wyvern zombie.
The wyvern zombie is severely damaged.
Your fiery armour burns out.
The wyvern zombie bites you.
You tentacle-slap the wyvern zombie.
You squeeze the wyvern zombie, but do no damage.
The wyvern zombie is severely damaged.
The wyvern zombie closely misses you.
You tentacle-slap the wyvern zombie but do no damage.
The wyvern zombie is severely damaged.
The wyvern zombie bites you!
You tentacle-slap the wyvern zombie.
The wyvern zombie is severely damaged.
The wyvern zombie bites you!
* * * LOW HITPOINT WARNING * * *
You bludgeon the wyvern zombie!
The wyvern zombie is almost destroyed.
You block the wyvern zombie's attack. x2
You tentacle-slap the wyvern zombie.
The wyvern zombie is almost destroyed.
The wyvern zombie misses you.
You tentacle-slap the wyvern zombie but do no damage.
You tentacle-slap the wyvern zombie.
The wyvern zombie is almost destroyed.
The wyvern zombie bites you but does no damage.
You barely miss the wyvern zombie.
The wyvern zombie is almost destroyed.
The wyvern zombie bites you.
* * * LOW HITPOINT WARNING * * *
You tentacle-slap the wyvern zombie but do no damage.
You squeeze the wyvern zombie, but do no damage.
The wyvern zombie is almost destroyed.
The wyvern zombie bites you!
You die...

########
.......#######+##
#......#........#
#......#...>..<)#
#......#........#
###....#........#
#....##'##...## ♣
#........#...###♣..♣
#
#........#....@....♣
#
#........#....#Z.♣♣.♣
# #........#########
# #................ #
#................
##'###'##........
#.......'........
#.......#........
#+#########......##


You could see a wyvern zombie.

Vanquished Creatures
  A water moccasin (D:6)
  An ice beast (D:6)
  An ogre (D:6)
  A necrophage (D:6)
  A scorpion (D:6)
  A centaur zombie (D:6)
  Crazy Yiuf (D:6)
  An iguana (D:4)
  5 adders
  A white imp (D:6)
  An adder skeleton (D:4)
  2 worms
  3 orcs
  4 ball pythons
  A giant cockroach (D:3)
  A goblin (D:6)
  6 hobgoblins
  3 jackals (D:3)
  3 kobolds
  2 quokkas
  2 bats
  4 rats
46 creatures vanquished.

Vanquished Creatures (others)
  37 foxfires (D:6)
37 creatures vanquished.

Grand Total: 83 creatures vanquished

Notes
Turn   | Place    | Note
-------+----------+-------------------------------------------
     0 | D:1      | comborobin the Octopode Cinder Acolyte began the quest for
                  | the Orb.
     0 | D:1      | Reached XP level 1. HP: 16/16 MP: 2/2
   214 | D:2      | Reached skill level 1 in Dodging
   214 | D:2      | Reached XP level 2. HP: 3/21 MP: 3/3
   595 | D:2      | Reached XP level 3. HP: 22/26 MP: 4/4
  1088 | D:3      | Reached XP level 4. HP: 27/33 MP: 5/5
  1854 | D:5      | Entered Level 5 of the Dungeon
  1987 | D:6      | Noticed an ogre
  2021 | D:6      | Noticed a scorpion
  2031 | D:6      | Killed an ogre
  2032 | D:6      | Reached XP level 5. HP: 38/38 MP: 6/6
  2039 | D:6      | Reached XP level 6. HP: 40/44 MP: 7/7
  2072 | D:6      | Noticed a water moccasin
  2080 | D:6      | Killed a water moccasin
  2156 | D:6      | Noticed an ice beast
  2170 | D:6      | Killed an ice beast
  2171 | D:6      | Reached skill level 5 in Fighting
  2171 | D:6      | Reached skill level 5 in Unarmed Combat
  2171 | D:6      | Reached XP level 7. HP: 4/50 MP: 8/8
  2502 | D:6      | Found a bloodstained altar of Trog.
  2658 | D:6      | Found a broken altar of Ashenzari.
  2658 | D:6      | Found a hide-covered altar of Uskayaw.
  2728 | D:6      | Found a runed translucent door.
  2729 | D:6      | Noticed Crazy Yiuf
  2736 | D:6      | Killed Crazy Yiuf
  2876 | D:6      | Slain by a wyvern zombie

Illustrated notes

Levels and vault maps discovered:
D:1:      nagdon_arrival_zigzag_paths, layout_basic, serial_shops,
          nicolae_shop_trees
D:2:      layout_rooms, serial_park_tiny_2
D:3:      layout_loops_corners, nicolae_ru_the_path_less_chosen,
          nicolae_ecumenical_oubliette, wad_orctagon
D:4:      layout_layer_cave, grunt_gozag_statues, mainiacjoe_overflow_catwalk,
          minmay_temple_entry_drinking_statues, eino_curves_02, minmay_distorted
D:5:      layout_cave_pools, elyvilon_altar_5, grunt_nemelex_the_gamble
D:6:      layout_gridville, nicolae_yredelemnul_corpse_copse,
          trog_hazing_becter, gammafunk_temple_overflow_wave,
          uniq_crazy_yiuf_cottage
D:7:      layout_loops_ring, nzn_ghost_randoct

Skill      XL: |  1  2  3  4  5  6  7 |
---------------+----------------------+-----
Dodging        | 1 2 3 |  3.8
Fighting       | 4 5 |  5.1
Unarmed Combat | 4 5 |  5.0
Shields        | 2 |  2.9
Spellcasting   | |  1.0
Fire Magic     | |  3.0

Action                   |  1- 3 |  4- 6 |  7- 9 || total
-------------------------+-------+-------+-------++-------
Melee: Unarmed           |    58 |    47 |    37 ||   142
       Tentacles         |    13 |    12 |    11 ||    36
       Constrict         |    12 |     9 |     6 ||    27
       Punch             |     2 |     3 |     2 ||     7
Invok: Foxfire Swarm     |       |     2 |       ||     2
       Fiery Armour      |       |       |     1 ||     1
  Use: Scroll            |     4 |       |       ||     4
 Stab: Sleeping          |     3 |     1 |       ||     4
Armor: Skin              |     8 |     2 |     5 ||    15
Dodge: Dodged            |    39 |    38 |    21 ||    98
Block: Buckler           |       |       |     5 ||     5

Table legend: (Time is in decaauts)
 A = Elapsed time spent in this place.
 B = Non-inter-level travel time spent in this place.
 C = Inter-level travel time spent in this place.
 D = Time resting spent in this place.
 E = Time spent auto-exploring this place.
 F = Levels seen in this place.
 G = Mean time per level.
                   A        B        C        D        E       F      G
               +--------+--------+--------+--------+--------+-----+--------+
         Total |   2870 |   2845 |     25 |   1487 |    860 |   7 |  410.0 |
       Dungeon |   2870 |   2845 |     25 |   1487 |    860 |   7 |  410.0 |
               +--------+--------+--------+--------+--------+-----+--------+

Top non-repeatable levels by time:
     D:6: 994 daAuts
     D:3: 911 daAuts
     D:2: 675 daAuts
     D:1: 141 daAuts
     D:4: 122 daAuts
     D:5: 23 daAuts
     D:7: 1 daAuts
